 Dungeon Crawl Stone Soup version 0.29.1-12-g30fa7ad0bf (webtiles) character file.

Game seed: 6032831249705769886

1708 nmsoi the Cleaver (level 9, -4/82 HPs)
             Began as a Hill Orc Monk on Dec 15, 2022.
             Slain by a spriggan
             ... wielding a +2 vorpal spear
              (15 damage)
             ... in a bailey.
             The game lasted 00:12:11 (3244 turns).

nmsoi the Cleaver (Hill Orc Monk)                   Turns: 3244, Time: 00:12:12

Health: -4/82      AC: 10    Str: 18    XL:     9   Next: 3%
Magic:  18/18      EV: 11    Int: 10    God:
Gold:   237        SH:  0    Dex: 13    Spells: 8/8 levels left

rFire   . . .      SeeInvis .   B - +5 hand axe
rCold   . . .      Faith    .   (no shield)
rNeg    . . .      Spirit   .   d - +3 ring mail
rPois   .          Reflect  .   (no helmet)
rElec   .          Harm     .   (no cloak)
rCorr   .          Rampage  .   y - +0 pair of gloves
Will    .....                   (no boots)
Stlth   +.........              j - amulet of regeneration
HPRegen 1.03/turn               g - ring of magical power
MPRegen 0.16/turn               (no ring)

@: no status effects
A: no striking features
a: no special abilities


You were in a bailey.
You visited 1 branch of the dungeon, and saw 6 of its levels.
You also visited: Bailey.

You collected 237 gold pieces.


   Skills:
 + Level 8.6 Fighting
 + Level 9.4 Axes
 + Level 6.9 Armour
 - Level 2.4 Dodging
 - Level 1.5 Stealth


You had 8 spell levels left.
You didn't know any spells.
Your spell library contained the following spells:

 Spells                   Type           Power      Damage    Failure   Level
 Freeze                   Ice            0%         1d3       54%         1
 Magic Dart               Conj           0%         1d3       54%         1
 Call Imp                 Summ           0%         N/A       67%         2
 Scorch                   Fire           0%         2d5       67%         2
 Call Canine Familiar     Summ           0%         N/A       88%         3
 Confusing Touch          Hex            0%         N/A       88%         3
 Frozen Ramparts          Ice            0%         1d1       88%         3
 Mephitic Cloud           Conj/Pois/Air  0%         N/A       88%         3
 Portal Projectile        Hex/Tloc       0%         N/A       88%         3
 Flame Wave               Conj/Fire      0%         2d4       99%         4
 Hailstorm                Conj/Ice       0%         3d3       99%         4
 Leda's Liquefaction      Hex/Erth       0%         N/A       99%         4
 Yara's Violent Unravell  Hex/Tmut       0%         3d3       100%        5
 Summon Cactus Giant      Summ           0%         N/A       100%        6
 Enfeeble                 Hex            0%         N/A       100%        7

Inventory:

Hand Weapons
 a - a +0 war axe
 b - a +2 sling of flaming
 e - a +0 hand axe
 B - a +5 hand axe (weapon)
Missiles
 v - 2 curare-tipped darts {=f}
Armour
 d - a +3 ring mail (worn)
 w - a +0 robe
 y - a +0 pair of gloves (worn)
Magical Staves
 s - a staff of death {!a}
 A - a staff of cold {!a}
Jewellery
 g - a ring of magical power (left hand)
 i - an amulet of the acrobat
 j - an amulet of regeneration (around neck)
 m - an amulet of faith {!P}
Scrolls
 f - a scroll of enchant weapon {unknown}
 k - a scroll of magic mapping {unknown}
 l - 3 scrolls of vulnerability {unknown}
 o - a scroll of identify {unknown}
 q - 2 scrolls of enchant armour {unknown}
 t - 2 scrolls of teleportation {unknown}
 u - a scroll of amnesia {unknown}
 x - a scroll of immolation {unknown}
 z - 2 scrolls of noise {unknown}
 D - a scroll of fog {unknown}
Potions
 c - a potion of ambrosia
 h - a potion of haste {unknown}
 n - a potion of brilliance {unknown}
 p - a potion of mutation {unknown}
 r - a potion of cancellation {unknown}
 C - a potion of attraction {unknown}

Dungeon Overview and Level Annotations

Branches:
Dungeon (7/15)             Bailey (1/1)
 Temple: D:4-7

Altars:

Annotations:
D:1 2 runed translucent doors
D:2 Terence
D:3 Grinder

######### ##.......## ###
##.........## ##.##
##..#♣#♣###..## #...##
##..♣♣.....##..## .....#
##..♣#...@.i.##..##
.....###..##..♣♣♣#♣..#...#
..∩..~~~..#.. ♣♣.#...#
.....~~~..#.. ♣.#~..#
.....~~~..#.. ♣.O~..#
.....~~~..#.. ♣.#~..#
..∩.))~)..#..♣♣ ♣♣.♣...#
....)###..##..♣♣#♣♣..♣...#
.....# ##..##.......##..##


You could see a spriggan (strong).


Message History

Moving in this stuff is going to be slow.
A spriggan comes into view. It is wielding a +2 vorpal spear.
A spriggan is nearby!
No target in view!
A spriggan is nearby!
The spriggan shouts!
You hear two shouts!
A two-headed ogre comes into view.
It is wielding a +0 bardiche and a +0 halberd.
The spriggan hits you but does no damage.
You slash the spriggan!
The spriggan is moderately wounded.
The spriggan drinks a potion.
The spriggan seems to grow stronger.
You slash the spriggan!
The spriggan is severely wounded.
The spriggan hits you with a +2 vorpal spear!
The two-headed ogre hits you from afar with a +0 bardiche!!
* * * LOW HITPOINT WARNING * * *
The two-headed ogre hits you from afar with a +0 halberd.
* * * LOW HITPOINT WARNING * * *
The spriggan barely misses you. The spriggan closely misses you.
The spriggan hits you from afar with a +2 vorpal spear!
* * * LOW HITPOINT WARNING * * *
* * * LOW HITPOINT WARNING * * *
The spriggan misses you.
The spriggan hits you from afar with a +2 vorpal spear!!
* * * LOW HITPOINT WARNING * * *
* * * LOW HITPOINT WARNING * * *
The spriggan barely misses you.
The spriggan hits you from afar with a +2 vorpal spear!
You die...

Skill      XL: |  1  2  3  4  5  6  7  8 |
---------------+-------------------------+-----
Armour         | 1 2 3 4 5 6 |  6.9
Fighting       | 4 5 6 7 8 |  8.6
Axes           | 5 6 7 9 |  9.4
Dodging        | |  2.4
Stealth        | |  1.5

Action                   |  1- 3 |  4- 6 |  7- 9 || total
-------------------------+-------+-------+-------++-------
Melee: Hand axe          |    19 |       |    56 ||    75
       War axe           |    87 |   103 |    61 ||   251
       Punch             |       |       |     1 ||     1
 Fire: Sling             |       |    18 |    18 ||    36
Throw: Dart              |       |     3 |     1 ||     4
 Stab: Sleeping          |       |     1 |       ||     1
Armor: Ring mail         |    51 |    38 |    32 ||   121
Dodge: Dodged            |    64 |    53 |    67 ||   184

Levels and vault maps discovered:
D:1:      erik_arrival_cave_to_civilisation [erik_arrival_cave_to_temple],
          layout_basic, dreamdust_ecumenical_altar_statues
D:2:      layout_basic, grunt_ministairs_6, eino_tiny_chamber, uniq_terence,
          uniq_natasha
D:3:      layout_basic, kennysheep_jessica_study, uniq_grinder
D:4:      layout_loops_corners, minmay_statues_item, kennysheep_generic_room_11
D:5:      layout_basic, chequers_garden
D:7:      layout_cave_pools, temple_green, enter_ossuary_5, enter_bailey_8,
          uniq_prince_ribbit1
Bailey:   bailey_polearm_enchanted_keep_hellmonk, bailey

Notes
Turn   | Place    | Note
-------+----------+-------------------------------------------
     0 | D:1      | nmsoi the Hill Orc Monk began the quest for the Orb.
     0 | D:1      | Reached XP level 1. HP: 19/19 MP: 1/1
    85 | D:1      | Found a large runed translucent door.
    85 | D:1      | Found a large runed translucent door.
   142 | D:1      | Reached XP level 2. HP: 27/27 MP: 2/2
   205 | D:1      | Reached skill level 1 in Armour
   207 | D:1      | Found a faded altar of an unknown god.
   364 | D:1      | Reached skill level 4 in Fighting
   566 | D:1      | Reached XP level 3. HP: 33/33 MP: 3/3
  1257 | D:2      | Noticed Terence
  1418 | D:3      | Reached skill level 2 in Armour
  1422 | D:3      | Reached XP level 4. HP: 41/41 MP: 4/4
  1578 | D:3      | Reached skill level 5 in Axes
  1814 | D:3      | Noticed Grinder
  1829 | D:3      | Paralysed by Grinder for 2 turns
  1942 | D:3      | You fall into a shaft and drop 2 floors!
  1942 | D:5      | Entered Level 5 of the Dungeon
  1956 | D:5      | Noticed an ogre
  1957 | D:5      | Reached XP level 5. HP: 47/47 MP: 5/5
  1965 | D:5      | Killed an ogre
  1966 | D:5      | Reached skill level 5 in Fighting
  1966 | D:5      | Reached skill level 3 in Armour
  1973 | D:5      | Reached skill level 6 in Axes
  1973 | D:5      | Reached XP level 6. HP: 13/56 MP: 6/6
  2216 | D:5      | Noticed a water moccasin
  2220 | D:5      | Reached skill level 6 in Fighting
  2220 | D:5      | Reached skill level 4 in Armour
  2246 | D:4      | Reached XP level 7. HP: 50/63 MP: 7/7
  2358 | D:4      | Reached skill level 7 in Axes
  2804 | D:4      | You fall into a shaft and drop 3 floors!
  2819 | D:7      | Reached skill level 5 in Armour
  2838 | D:7      | Found a flagged portal.
  2854 | D:7      | Reached skill level 7 in Fighting
  2864 | D:7      | Reached XP level 8. HP: 67/73 MP: 8/8
  2886 | D:7      | Reached skill level 8 in Axes
  2927 | Bailey   | Entered a bailey
  2962 | Bailey   | Reached skill level 6 in Armour
  2964 | Bailey   | HP: 5/74 [ogre/+0 halberd (15)]
  2970 | Bailey   | Reached skill level 8 in Fighting
  3056 | Bailey   | Noticed a spriggan
  3071 | Bailey   | Killed a spriggan
  3072 | Bailey   | Reached skill level 9 in Axes
  3105 | Bailey   | HP: 7/75 [steam dragon (8)]
  3107 | Bailey   | HP: 2/75 [steam dragon (7)]
  3109 | Bailey   | Reached XP level 9. HP: 3/82 MP: 9/9
  3226 | Bailey   | Noticed a two-headed ogre
  3239 | Bailey   | HP: 6/82 [spriggan/+2 vorpal spear (6)]
  3244 | Bailey   | Slain by a spriggan

Vanquished Creatures
  A spriggan (Bailey)
  A steam dragon (Bailey)
  A black bear (D:7)
  A sky beast (D:7)
  6 ogres
  A centaur (D:5)
  A bullfrog (D:7)
  2 scorpions (D:4)
  A wight (D:7)
  4 jellies
  3 hounds (D:4)
  3 iguanas (D:5)
  3 gnolls (D:5)
  2 adders
  3 worms
  3 dart slugs
  6 orcs
  7 endoplasms
  4 giant cockroaches
  3 goblins
  6 hobgoblins
  6 jackals
  5 kobolds
  5 quokkas
  8 ball pythons
  5 bats
  A frilled lizard (D:1)
  6 rats
98 creatures vanquished.

Table legend: (Time is in decaauts)
 A = Elapsed time spent in this place.
 B = Non-inter-level travel time spent in this place.
 C = Inter-level travel time spent in this place.
 D = Time resting spent in this place.
 E = Time spent auto-exploring this place.
 F = Levels seen in this place.
 G = Mean time per level.
                   A        B        C        D        E       F      G
               +--------+--------+--------+--------+--------+-----+--------+
         Total |   3312 |   3157 |    155 |    166 |   1976 |   7 |  473.1 |
       Dungeon |   2990 |   2835 |    155 |     40 |   1912 |   6 |  498.3 |
        Bailey |    321 |    321 |      0 |    126 |     64 |   1 |  321.0 |
               +--------+--------+--------+--------+--------+-----+--------+

Top non-repeatable levels by time:
     D:1: 1033 daAuts
     D:4: 585 daAuts
     D:3: 526 daAuts
     D:2: 421 daAuts
  Bailey: 321 daAuts
     D:5: 302 daAuts
     D:7: 121 daAuts

Table legend:
 A = Non-vault XP
 B = Vault XP
 C = Vault XP percentage of total XP
 D = Non-vault monster count
 E = Vault monster count
 F = Vault count percentage of total count
                 A         B        C        D         E       F
            +---------+---------+-------+---------+---------+-------
      Total |    1423 |    1018 |  41.7 |      88 |      10 |  10.2
            +---------+---------+-------+---------+---------+-------
        D:1 |      35 |       3 |   7.9 |      21 |       2 |   8.7
        D:2 |      28 |       5 |  15.2 |      11 |       1 |   8.3
        D:3 |      39 |       0 |   0.0 |      18 |       0 |   0.0
        D:4 |     371 |       0 |   0.0 |      19 |       0 |   0.0
        D:5 |     488 |       0 |   0.0 |      14 |       0 |   0.0
        D:7 |     462 |       0 |   0.0 |       5 |       0 |   0.0
     Bailey |       0 |    1010 | 100.0 |       0 |       7 | 100.0
            +---------+---------+-------+---------+---------+-------
